 Dungeon Sprint DCSS version 0.28.0 (webtiles) character file.

Game seed: 8653601703838891503

129 boopmooplesden the Covered (level 4, 0/47 HPs)
             Began as a Minotaur Fighter on Feb 7, 2022.
             Slain by a scorpion (6 damage)
             ... in the Dungeon (Sprint II: "The Violet Keep of Menkaure").
             The game lasted 00:00:22 (283 turns).

boopmooplesden the Covered (Minotaur Fighter)        Turns: 283, Time: 00:00:23

Health: 0/47       AC:  8    Str: 20    XL:     4   Next: 88%
Magic:  3/3        EV:  9    Int:  5    God:
Gold:   243        SH:  5    Dex: 12    Spells: 3/3 levels left

rFire   . . .      SeeInvis .   a - +0 war axe
rCold   . . .      Faith    .   c - +0 buckler
rNeg    . . .      Spirit   .   b - +0 scale mail
rPois   .          Reflect  .   (helmet restricted)
rElec   .          Harm     .   (no cloak)
rCorr   .          Rampage  .   (no gloves)
Will    .....      NoTele   +   (no boots)
Stlth   ..........              (no amulet)
HPRegen 0.15/turn               (no ring)
MPRegen 0.08/turn               (no ring)

@: no status effects
A: horns 2, retaliatory headbutt
a: no special abilities


You were in the Dungeon.
You visited 1 branch You collected 243 gold pieces.

Inventory:

Hand Weapons
 a - a +0 war axe (weapon)
Armour
 b - a +0 scale mail (worn)
 c - a +0 buckler (worn)
Scrolls
 j - a scroll of blinking
Potions
 d - a potion of might
 f - a potion of heal wounds
 g - a potion of haste
 h - 2 potions of magic
 i - a potion of berserk rage


   Skills:
 + Level 7.3 Fighting
 + Level 4.8 Axes
 + Level 7.4 Armour
 + Level 6.9 Shields


You had 3 spell levels left.
You didn't know any spells.
Your spell library was empty.

Dungeon Overview and Level Annotations

Branches:
Dungeon (1/1)

Altars:


Innate Abilities, Weirdness & Mutations

You have a pair of horns on your head.
You reflexively headbutt those who attack you in melee.


Message History

You have reached level 4!
You feel agile.
You slash the scorpion!
The scorpion is moderately wounded.
You feel sick. You block the scorpion's attack.
You closely miss the scorpion.
The scorpion is moderately wounded.
You feel sick. The scorpion stings you.
You are more poisoned.
The scorpion poisons you! The scorpion stings you.
You slash the scorpion! You headbutt the scorpion.
You kill the scorpion!
You feel very sick.
Your Fighting skill increases to level 7!
Your Armour skill increases to level 7!
* * * LOW HITPOINT WARNING * * *
You feel very sick.
There is an open door here. 2 scorpions come into view.
* * * LOW HITPOINT WARNING * * *
You feel sick.
You see here 243 gold pieces.
The walls and floor vibrate strangely for a moment.
* * * LOW HITPOINT WARNING * * *
You feel sick.
There is an open door here.
You feel better. You block the scorpion's attack.
You hit the scorpion. Your headbutt misses the scorpion.
The scorpion is moderately wounded.
The scorpion barely misses you. You furiously retaliate!
You headbutt the scorpion. The scorpion stings you.
* * * LOW HITPOINT WARNING * * *
You hit the scorpion.
The scorpion is heavily wounded.
The scorpion stings you!
* * * LOW HITPOINT WARNING * * *
You barely miss the scorpion.
The scorpion is heavily wounded.
The scorpion stings you.
You die...

## ## ##.
.##
#..#s.#
#s# ##
#@# #.#
##.##.###
+.<.'##.+
##.##...#
#+###.##
###


You could see 2 scorpions.

Vanquished Creatures
  2 scorpions (D)
  3 worms (D)
5 creatures vanquished.

Notes
Turn   | Place    | Note
-------+----------+-------------------------------------------
     0 | D        | boopmooplesden the Minotaur Fighter began the quest for the
                  | Orb.
     0 | D        | Reached XP level 1. HP: 19/19 MP: 0/0
    14 | D        | Reached XP level 2. HP: 5/28 MP: 1/1
   267 | D        | Noticed a scorpion
   267 | D        | Noticed a scorpion
   273 | D        | Killed a scorpion
   274 | D        | Reached XP level 3. HP: 24/38 MP: 2/2
   274 | D        | Reached XP level 4. HP: 28/45 MP: 3/3
   276 | D        | Killed a scorpion
   278 | D        | Noticed a scorpion
   278 | D        | Noticed a scorpion
   283 | D        | Slain by a scorpion

Illustrated notes

Levels and vault maps discovered:
D:        the_violet_keep_of_menkaure [sprint2_stairs_cluster_1,
          sprint2_shoproom, sprint2_temple, sprint2_basic_supplies,
          sprint2_obstacle_1, sprint2_obstacle_3, sprint2_obstacle_2,
          sprint2_obstacle_4, sprint2_obstacle_7, sprint2_timed_cluster_1,
          sprint2_smallroom_cluster_1, sprint2_smallroom_final_cluster_1,
          sprint2_transparent_cluster_1, sprint2_second_timed_cluster_1,
          sprint2_sniper_area_1, sprint2_heavy_combat_area_1,
          sprint2_mutation_trap_area_1, sprint2_forest_area_1,
          sprint2_light_combat_area_1, sprint2_behind_water_1,
          sprint2_near_end_vault_1]

Skill      XL: |  1  2  3  4 |
---------------+-------------+-----
Fighting       | 4 6 7 |  7.3
Armour         | 4 6 7 |  7.4
Shields        | 4 6 |  6.9
Axes           | 4 |  4.8

Action                   |  1- 3 |  4- 6 || total
-------------------------+-------+-------++-------
Melee: War axe           |    12 |     6 ||    18
       Headbutt          |     3 |     1 ||     4
  Use: Potion            |       |     1 ||     1
Armor: Scale mail        |     4 |       ||     4
Dodge: Dodged            |     6 |     1 ||     7
Block: Buckler           |       |     2 ||     2
